 Dungeon Crawl Stone Soup version 0.31-a0-702-gf82c85558f (webtiles) character file.

Game seed: 3466303617435789324

537 IdlyInterested the Insei (level 7, -6/53 HPs)
             Began as a Demonspawn Monk on Sept 8, 2023.
             Mangled by a water moccasin (8 damage)
             ... on level 6 of the Dungeon.
             The game lasted 00:13:07 (3920 turns).

IdlyInterested the Insei (Demonspawn Monk)          Turns: 3920, Time: 00:13:07

Health: -6/53      AC:  3    Str: 13    XL:     7   Next: 5%
Magic:  7/7        EV: 12    Int: 12    God:
Gold:   305        SH:  5    Dex: 15    Spells: 6/6 levels left

rFire   . .          .
                       - Unarmed
rCold   . . .        c - orb {light}
rNeg    + . .        o - +0 robe {rN+}
rPois   .            D - +0 helmet
rElec   .            j - scarf {shadows}
rCorr   .            (no gloves)
SInv    .            (no boots)
Will    +....        v - amulet of reflection
Stlth   +            F - ring of willpower
HPRegen 0.28/turn    (no ring)
MPRegen 0.10/turn

%: reflection
@: lethally poisoned (-6 -> -13), glowing
A: claws 2, powered by pain 1, spiny 1
a: no special abilities


You were on level 6 of the Dungeon.
You visited 1 branch of the dungeon, and saw 6 of its levels.

You collected 305 gold pieces.

Inventory:

Hand Weapons
 r - a +0 rapier
 E - the +9 rapier of Noon {vamp, Contam rC+ Dex+4}
   (You found it on level 4 of the Dungeon)

   Dex+4:     It affects your dexterity (+4).
   rC+:       It protects you from cold.
   Contam:    It causes magical contamination when unequipped.
 J - the +7 sling of Death's Door {flame, rF+ Str+5}
   (You found it on level 6 of the Dungeon)

   Str+5:     It affects your strength (+5).
   rF+:       It protects you from fire.
Missiles
 f - 36 stones (quivered)
 i - 5 poisoned darts
 m - 2 javelins
 w - 3 boomerangs
Armour
 c - an orb of light (worn)
 j - a scarf of shadows (worn)
 k - a +0 cloak
 l - a +0 chain mail
 o - a +0 robe of positive energy (worn)
 D - a +0 helmet (worn)
Jewellery
 v - an amulet of reflection (around neck)
 F - a ring of willpower (left claw)
Wands
 t - a wand of iceblast (4)
Scrolls
 g - a scroll of torment
 h - a scroll of fog
 n - a scroll of enchant armour
 q - a scroll of teleportation
 x - a scroll of silence
 y - a scroll of enchant weapon
 z - a scroll of vulnerability
 B - 2 scrolls of blinking
 I - a scroll of identify
Potions
 a - a potion of brilliance {unknown}
 b - 2 potions of ambrosia
 d - a potion of curing
 e - a potion of heal wounds {unknown}
 p - a potion of invisibility
 s - a potion of magic {unknown}
 u - a potion of haste
 A - a potion of mutation {unknown}
 C - a potion of berserk rage {unknown}
 G - 2 potions of resistance {unknown}
 H - a potion of experience {unknown}


   Skills:
 + Level 3.9 Fighting
 - Level 1.0 Throwing
 - Level 1.0 Armour
 - Level 2.6 Dodging
 - Level 1.0 Stealth
 - Level 1.0 Shields
 * Level 6.1 Unarmed Combat
 - Level 1.0 Evocations
 - Level 1.0 Shapeshifting


You had 6 spell levels left.
You didn't know any spells.
Your spell library contained the following spells:

 Spells                   Type           Power      Damage    Failure   Level
 Blink                    Tloc           0%         N/A       45%         2
 Cigotuvi's Dreadful Rot  Necr/Pois/Air  0%         N/A       45%         2
 Lesser Beckoning         Tloc           0%         N/A       45%         2
 Momentum Strike          Conj/Tloc      0%         3d8       45%         2
 Ignite Poison            Fire/Tmut/Pois 0%         N/A       69%         3
 Freezing Cloud           Conj/Ice/Air   0%         6-21      100%        5


Dungeon Overview and Level Annotations

Branches:
Dungeon (5/15)             Temple (0/1) D:5

Altars:

Shops:
D:1 (


Innate Abilities, Weirdness & Mutations

You have very sharp fingernails.
You sometimes gain a little power by taking damage.
You are partially covered in sharp spines.


Message History

The orc misses you.
A water moccasin comes into view.
The gnoll shouts! x2
You claw the orc!
You kill the orc!
You hear a shout! x2
A gnoll comes into view. It is wielding a +0 flail.
Found a halberd.
You scratch the gnoll but do no damage. The gnoll hits you with a +0 flail!
You scratch the gnoll.
The gnoll is lightly wounded.
The gnoll hits you with a +0 flail!
You scratch the gnoll but do no damage.
The gnoll is lightly wounded.
The gnoll hits you with a +0 flail.
You claw the gnoll!
You kill the gnoll!
An orc comes into view. It is wielding a +0 mace.
The water moccasin bites you but does no damage.
You scratch the water moccasin but do no damage.
The water moccasin is struck by your spines.
The water moccasin closely misses you. The gnoll misses you.
You claw the water moccasin!
The water moccasin is moderately wounded.
The water moccasin is struck by your spines.
The water moccasin bites you! The gnoll barely misses you.
You scratch the water moccasin.
The water moccasin is severely wounded.
The water moccasin bites you.
You are poisoned.
The water moccasin poisons you!
You scratch the water moccasin.
The water moccasin is almost dead.
You feel sick. The water moccasin misses you.
The gnoll hits you from afar with a +0 halberd!
* * * LOW HITPOINT WARNING * * *
An orc comes into view. It is wielding a +0 club.
The water moccasin is struck by your spines.
The water moccasin bites you!
You die...

## #.#.# .)
...#.#.####..
...#.........
...o.........
.............
............. . #o#
.. #@# ... #S# .S..
#g# .g...##g# #
..gS.)..#########..
g................:.
...................
...............###
....##.....###....#


You could see a water moccasin, 2 gnolls and 2 orcs.

Vanquished Creatures
  Duvessa (D:5)
  An ice beast (D:3)
  An ogre (D:5)
  An orc priest (D:3)
  An orc wizard (D:3)
  A gnoll (D:6)
  7 adders
  A shadow imp (D:5)
  An ufetubus (D:4)
  3 worms
  3 dart slugs
  10 orcs
  6 endoplasms
  5 giant cockroaches
  9 goblins
  5 hobgoblins
  3 jackals (D:1)
  4 quokkas
  5 ball pythons
  6 bats
  11 frilled lizards
  9 kobolds
  5 rats
99 creatures vanquished.

Notes
Turn   | Place    | Note
-------+----------+-------------------------------------------
     0 | D:1      | IdlyInterested the Demonspawn Monk began the quest for the
                  | Orb.
     0 | D:1      | Reached XP level 1. HP: 18/18 MP: 1/1
   131 | D:1      | Reached skill level 1 in Stealth
   194 | D:1      | Gained mutation: You have sharp fingernails. [demonic
                  | ancestry]
   194 | D:1      | Reached XP level 2. HP: 24/24 MP: 2/2
   340 | D:1      | Reached skill level 3 in Unarmed Combat
   413 | D:1      | Found Tecask's Weapon Boutique.
   418 | D:1      | Reached skill level 1 in Armour
   806 | D:2      | Gained mutation: You sometimes gain a little power by
                  | taking damage. [demonic ancestry]
   806 | D:2      | Reached XP level 3. HP: 24/29 MP: 3/3
  1324 | D:3      | Reached skill level 1 in Throwing
  1475 | D:3      | Reached skill level 4 in Unarmed Combat
  1475 | D:3      | Gained mutation: You are partially covered in sharp spines.
                  | [demonic ancestry]
  1475 | D:3      | Reached XP level 4. HP: 13/35 MP: 4/4
  1523 | D:3      | Reached skill level 1 in Evocations
  1902 | D:3      | Gained mutation: You have very sharp fingernails. [demonic
                  | ancestry]
  1902 | D:3      | Reached XP level 5. HP: 37/41 MP: 5/5
  1973 | D:3      | Reached skill level 1 in Shapeshifting
  2072 | D:3      | Noticed an ice beast
  2085 | D:3      | Killed an ice beast
  2086 | D:3      | Reached skill level 1 in Shields
  2086 | D:3      | Reached skill level 5 in Unarmed Combat
  2480 | D:4      | Reached XP level 6. HP: 39/47 MP: 6/6
  2966 | D:4      | Identified the +9 rapier of Noon {vamp, Contam rC+ Dex+4}
  3272 | D:5      | Entered Level 5 of the Dungeon
  3496 | D:5      | Noticed Duvessa
  3503 | D:5      | Killed Duvessa
  3504 | D:5      | Reached skill level 6 in Unarmed Combat
  3615 | D:5      | Found a staircase to the Ecumenical Temple.
  3692 | D:5      | Reached XP level 7. HP: 47/53 MP: 7/7
  3896 | D:5      | You fall into a shaft and drop 1 floor!
  3901 | D:6      | Identified the +7 sling of Death's Door {flame, rF+ Str+5}
  3920 | D:6      | HP: 2/53 [gnoll/+0 halberd[a gnoll bouda] (16)]
  3920 | D:6      | Mangled by a water moccasin

Illustrated notes

Levels and vault maps discovered:
D:1:      dpeg_arrival_rooms_a, layout_loops_ring, serial_shops,
          nicolae_shop_bloodbath_and_beyond, st_stairs_13
D:2:      layout_rooms, corexii_leaking_fountain
D:3:      minmay_octagon_keep, layout_basic, minmay_lizard_king
D:4:      layout_basic, general_overflow_altar
D:5:      layout_basic, minmay_temple_entry_trees, uniq_duvessa
D:6:      layout_rooms, gup_sewer_entry_bubbles, st_stairs_6,
          minmay_misc_feat_plants, nzn_random_ring

Skill      XL: |  1  2  3  4  5  6 |
---------------+-------------------+-----
Stealth        | 1 |  1.0
Unarmed Combat | 3 4 5 6 |  6.1
Armour         | 1 |  1.0
Throwing       | 1 |  1.0
Evocations     | 1 |  1.0
Shapeshifting  | 1 |  1.0
Shields        | 1 |  1.0
Fighting       | |  3.9
Dodging        | |  2.6

Action                     |  1- 3 |  4- 6 |  7- 9 || total
---------------------------+-------+-------+-------++-------
  Melee: Unarmed           |   113 |   117 |    14 ||   244
  Throw: Stone             |       |     6 |       ||     6
    Use: Scroll            |     1 |     8 |       ||     9
         Potion            |     1 |     2 |       ||     3
 Armour: Robe              |    14 |    28 |     9 ||    51
         Scale mail        |    26 |       |       ||    26
         Ring mail         |     2 |       |       ||     2
         Chain mail        |    21 |    33 |       ||    54
  Dodge: Dodged            |    56 |    35 |     6 ||    97
  Block: Orb               |       |    19 |       ||    19
         Reflection        |       |     2 |       ||     2

Table legend: (Time is in decaauts)
 A = Elapsed time spent in this place.
 B = Non-inter-level travel time spent in this place.
 C = Inter-level travel time spent in this place.
 D = Time resting spent in this place.
 E = Time spent auto-exploring this place.
 F = Levels seen in this place.
 G = Mean time per level.
                   A        B        C        D        E       F      G
               +--------+--------+--------+--------+--------+-----+--------+
         Total |   3888 |   3577 |    311 |    590 |   1894 |   6 |  648.0 |
       Dungeon |   3888 |   3577 |    311 |    590 |   1894 |   6 |  648.0 |
               +--------+--------+--------+--------+--------+-----+--------+

Top non-repeatable levels by time:
     D:3: 1182 daAuts
     D:4: 895 daAuts
     D:1: 818 daAuts
     D:2: 519 daAuts
     D:5: 450 daAuts
     D:6: 22 daAuts
